Map: Port Aleksander LE

Players

Serral - Winner!

  • Race: Zerg Zerg
  • Spawn Location: 5:00

Special

  • Race: Terran Terran
  • League: Master
  • Spawn Location: 11:00

Event: 2019 WCS Spring

VOD

Have the link to the VOD?

Description

Time

  • Played on: May 19, 2019, 1:54 p.m.
  • Length: 13:12

All games in this series

Show
View Real Time Build Order
Export as new Build Order

Serral Zerg - Winner!

Build Orders: Hatch First 

Get SALT Encoding   

  12  0:00  Drone  
  13  0:13  Overlord  
  13  0:18  Drone  
  14  0:31  Drone x2  
  16  0:49  Hatchery  
  15  0:52  Drone  
  15  0:56  Drone  
  17  0:59  Drone  
  18  1:10  Extractor  
  17  1:15  Spawning Pool  
  16  1:18  Drone  
  16  1:22  Drone  
  18  1:28  Drone  
  19  1:39  Drone  
  20  1:50  Overlord  
  20  2:01  Queen x2  
  20  2:02  Zergling x4  
  26  2:12  Drone x2  
  26  2:14  Metabolic Boost  
  28  2:22  Drone x2  
  30  2:40  Hatchery  
  29  2:45  Queen  
  29  2:50  Overlord  
  31  2:53  Drone  
  31  2:55  Drone  
  31  2:57  Drone  
  34  3:00  Drone  
  35  3:07  Drone  
  35  3:10  Drone x2  
  38  3:16  Overlord  
  38  3:19  Drone x3  
  41  3:20  Drone  
  42  3:27  Queen  
  42  3:32  Overlord  
  44  3:37  Zergling x2  
  45  3:43  Zergling x6  
  45  3:45  Drone x2  
  50  3:53  Drone  
  50  3:55  Baneling Nest, Zergling x2  
  50  3:56  Zergling x2  
  50  3:58  Drone  
  50  4:00  Drone  
  50  4:01  Drone  
  50  4:02  Queen  
  54  4:03  Drone  
  54  4:09  Queen  
  59  4:15  Overlord  
  59  4:16  Zergling x2  
  61  4:17  Zergling x2  
  61  4:18  Drone  
  61  4:21  Drone x2  
  61  4:22  Drone  
  65  4:33  Lair  
  65  4:34  Overlord  
  65  4:37  Overlord  
  65  4:40  Queen  
  65  4:41  Baneling x4  
  65  4:42  Drone x2  
  65  4:44  Drone  
  65  4:45  Drone  
  71  4:48  Drone  
  71  4:50  Drone x2  
  74  4:53  Overlord  
  74  4:54  Drone  
  74  4:59  Zergling x4  
  77  5:04  Drone x3  
  78  5:09  Queen  
  78  5:13  Zergling x6  
  79  5:15  Queen  
  79  5:16  Extractor  
  79  5:17  Extractor  
  79  5:20  Drone x3  
  82  5:24  Zergling x12  
  88  5:37  Zergling x6  
  88  5:39  Baneling x5  
  88  5:40  Baneling  
  88  5:41  Drone x3, Baneling  
  94  5:44  Extractor x2  
  94  5:47  Queen  
  94  5:51  Baneling x2  
  94  5:53  Zergling x6  
  94  5:54  Hatchery  
  96  6:00  Drone x2  
  96  6:09  Drone x2  
  96  6:13  Drone x3  
  96  6:14  Drone x2  
  96  6:17  Centrifical Hooks  
  96  6:18  Drone  
  96  6:19  Drone  
  96  6:23  Overlord x2  
  98  6:27  Evolution Chamber  
  98  6:29  Evolution Chamber  
  98  6:31  Overlord  
  96  6:35  Drone x2  
  96  6:37  Extractor, Baneling x2  
  96  6:38  Drone, Baneling x2  
  98  6:41  Baneling x3  
  97  6:48  Drone x2  
  97  6:50  Zergling x8  
  97  6:51  Zergling x8  
  97  6:52  Hydralisk Den  
  104  7:01  Zerg Ground Armor Level 1, Zerg Melee Weapons Level 1  
  103  7:04  Baneling x2  
  103  7:06  Queen  
  103  7:07  Drone x6  
  103  7:08  Drone, Zergling x4  
  113  7:09  Pneumatized Carapace  
  112  7:17  Zergling x16  
  117  7:24  Baneling x3  
  117  7:25  Baneling x2  
  117  7:28  Zergling x8  
  120  7:33  Zergling x10  
  125  7:40  Muscular Augments  
  125  7:44  Queen  
  125  7:51  Overlord  
  125  7:52  Overlord x2  
  125  7:53  Drone x2  
  125  7:54  Overlord x2  
  127  7:59  Infestation Pit  
  126  8:08  Drone x2  
  126  8:09  Drone, Overlord  
  126  8:10  Hydralisk x8  
  126  8:11  Hydralisk  
  145  8:21  Overseer  
  145  8:24  Drone  
  146  8:33  Hydralisk  
  146  8:34  Zergling x6  
  145  8:37  Drone x4  
  145  8:38  Drone  
  145  8:40  Extractor, Hive, Hatchery, Spore Crawler  
  146  8:45  Overlord  
  146  8:46  Zergling x18  
  155  8:52  Grooved Spines  
  155  8:56  Drone  
  155  8:58  Zerg Melee Weapons Level 2  
  155  8:59  Zerg Ground Armor Level 2  
  155  9:02  Baneling x4  
  155  9:04  Zergling x14  
  155  9:06  Queen  
  159  9:19  Baneling x7  
  159  9:20  Zergling x20  
  168  9:24  Overlord x2  
  168  9:38  Zergling x20  
  178  9:41  Baneling x4  
  176  9:55  Zergling x16  
  176  9:57  Baneling x4  
  176  9:58  Baneling x2  
  179  10:09  Zergling x14  
  179  10:11  Queen  
  176  10:19  Viper x3  
  181  10:24  Zergling x28  
  181  10:25  Ultralisk Cavern  
  181  10:27  Baneling x5  
  181  10:28  Baneling x7  
  194  10:33  Zergling x4  
  194  10:34  Zergling x4  
  194  10:35  Baneling x9  
  195  10:41  Zergling x6  
  189  10:46  Zergling x8  
  189  10:49  Baneling x6  
  169  10:54  Zergling x24  
  169  10:56  Baneling x6  
  172  11:01  Zergling x4  
  162  11:06  Zergling x6  
  159  11:11  Zergling x4  
  159  11:16  Baneling x6  
  155  11:22  Zergling x2, Hydralisk x2  
  155  11:23  Zergling x4  
  153  11:28  Hydralisk  
  153  11:29  Zergling x8  
  151  11:35  Zergling x24  
  155  11:42  Drone x2  
  155  11:43  Chitinous Plating  
  155  11:48  Drone x6  
  155  11:49  Drone  
  162  11:56  Baneling x3  
  162  11:58  Baneling x6  
  162  12:00  Baneling x4  
  162  12:06  Viper  
  162  12:08  Ultralisk x2, Zergling x14  
  182  12:23  Zergling x30  
  197  12:37  Baneling x16  
  197  12:38  Baneling  
  195  12:48  Overlord  
  195  12:49  Zergling x8  
Show
View Real Time Build Order
Export as new Build Order

Special Terran 

Build Orders: Reaper Expand 

Get SALT Encoding   

  12  0:01  SCV  
  13  0:13  SCV  
  14  0:18  Supply Depot  
  14  0:25  SCV  
  15  0:40  SCV  
  15  0:41  Barracks  
  16  0:45  Refinery  
  16  0:52  SCV  
  17  1:04  SCV  
  18  1:16  SCV  
  19  1:28  Orbital Command  
  19  1:29  Reaper  
  20  1:43  Command Center  
  20  1:54  Supply Depot  
  20  1:55  SCV  
  20  2:00  Marine  
  22  2:08  Factory  
  22  2:10  SCV  
  23  2:22  SCV  
  24  2:24  Barracks Reactor  
  24  2:34  SCV  
  25  2:37  Refinery  
  25  2:46  SCV  
  26  2:55  Orbital Command  
  26  2:58  SCV, Ghost Academy  
  27  3:07  Hellion x2  
  27  3:09  Barracks Tech Lab  
  27  3:10  SCV  
  32  3:21  SCV  
  32  3:22  SCV  
  34  3:28  Hellion x2  
  34  3:29  Ghost  
  34  3:32  Supply Depot  
  34  3:33  SCV  
  41  3:35  SCV  
  42  3:46  SCV  
  42  3:47  SCV  
  48  3:56  Supply Depot  
  48  3:58  SCV  
  48  3:59  SCV  
  48  4:00  Ghost  
  52  4:08  Command Center  
  48  4:10  SCV  
  48  4:11  SCV  
  48  4:14  Hellion  
  48  4:15  Hellion  
  54  4:23  SCV  
  54  4:24  SCV  
  56  4:32  Marine  
  56  4:33  Stimpack  
  56  4:35  Supply Depot  
  56  4:36  SCV  
  62  4:44  SCV  
  59  4:48  SCV  
  59  4:49  Marine  
  59  4:51  Barracks  
  61  4:52  Barracks  
  61  4:54  Factory Reactor  
  61  4:56  SCV  
  62  5:00  SCV  
  62  5:02  Starport  
  63  5:08  SCV  
  63  5:12  SCV  
  65  5:14  Engineering Bay  
  65  5:15  Engineering Bay  
  65  5:18  Marine  
  65  5:20  Orbital Command, SCV  
  67  5:24  SCV  
  67  5:26  Refinery  
  67  5:27  Refinery  
  68  5:32  SCV  
  69  5:36  Marine, SCV, Factory Tech Lab  
  69  5:39  Starport Reactor  
  69  5:40  Terran Infantry Weapons Level 1  
  69  5:41  Terran Infantry Armor Level 1  
  71  5:44  SCV  
  71  5:45  Marine x2  
  71  5:47  Orbital Command  
  74  5:52  SCV  
  74  5:53  Supply Depot  
  74  5:55  Marine x3  
  74  5:57  SCV, Siege Tank  
  79  6:02  Marine  
  79  6:03  Marine  
  82  6:07  SCV  
  82  6:10  SCV  
  76  6:13  Marine  
  76  6:14  SCV  
  76  6:15  Medivac x2  
  80  6:19  SCV, Supply Depot  
  80  6:22  SCV  
  80  6:25  Marine x4  
  86  6:26  SCV  
  86  6:32  SCV  
  88  6:33  Combat Shield  
  88  6:34  SCV  
  89  6:40  SCV, Barracks  
  89  6:43  Supply Depot, Barracks  
  89  6:44  Marine, SCV  
  91  6:51  Marine x4  
  94  6:54  SCV  
  94  6:55  SCV  
  94  6:56  SCV  
  97  7:01  Marine  
  97  7:02  Siege Tank  
  97  7:06  SCV, Supply Depot  
  97  7:07  SCV  
  103  7:09  Marine x2, Medivac x2  
  103  7:13  Marine  
  106  7:21  Marine x2  
  106  7:23  SCV  
  106  7:27  Marine x2  
  106  7:30  SCV  
  106  7:31  Marine  
  106  7:34  Siege Tank  
  106  7:35  Barracks Reactor x2  
  106  7:37  SCV  
  112  7:39  Medivac  
  112  7:40  Armory  
  112  7:43  SCV  
  116  7:44  Marine  
  116  7:48  Marine x3  
  116  7:50  Marine  
  117  7:54  Supply Depot x2  
  117  8:02  Supply Depot  
  117  8:04  Barracks  
  117  8:06  Barracks  
  117  8:15  Marine x6  
  117  8:16  Marine x2, Medivac x2, SCV x3  
  132  8:20  Marine  
  132  8:24  Supply Depot  
  133  8:28  SCV x2, Siege Tank  
  133  8:33  Marine x2  
  138  8:38  Marine x4, Marauder  
  141  8:42  Supply Depot  
  141  8:45  Marine x2  
  141  8:47  Terran Infantry Weapons Level 2  
  143  8:49  Terran Infantry Armor Level 2  
  143  8:51  Marine x2  
  147  8:55  Marine  
  147  8:56  Marine  
  147  8:59  Supply Depot  
  147  9:01  Marine x2  
  149  9:03  Marine x2, Marauder  
  149  9:04  Barracks Tech Lab x2, Supply Depot  
  149  9:07  Supply Depot  
  148  9:16  Siege Tank  
  150  9:19  Medivac  
  150  9:22  Marine x3  
  150  9:23  Marine x4, Marauder  
  160  9:25  Marauder  
  160  9:30  Concussive Shells  
  162  9:34  Refinery, SCV x2, Supply Depot  
  162  9:36  Marine, Marauder, Supply Depot  
  166  9:40  Marine x4  
  166  9:42  Marine x3  
  166  9:44  Marauder  
  175  9:46  Marauder, Medivac  
  178  9:54  Marine  
  178  9:58  Marine x2, Marauder  
  178  9:59  Supply Depot  
  183  10:00  Supply Depot  
  183  10:02  Drilling Claws  
  183  10:03  Marine  
  183  10:05  Marauder  
  167  10:14  Marine x2  
  167  10:15  Marine  
  167  10:16  Marine  
  167  10:18  Marine x2  
  167  10:21  Siege Tank  
  175  10:23  Medivac  
  175  10:24  Supply Depot  
  177  10:29  Marine x4, Marauder  
  177  10:32  Marine  
  181  10:45  Marine  
  181  10:47  Marauder  
  181  10:49  Marine, Marauder, Medivac  
  167  10:52  Marine  
  167  10:53  Marine, Marauder, Medivac  
  164  11:00  Command Center  
  164  11:01  Marine  
  164  11:02  SCV x2  
  164  11:04  Marine  
  145  11:09  Marauder  
  145  11:11  Marauder  
  148  11:16  Marine, Marauder  
  148  11:17  SCV x2  
  122  11:35  Marine x2  
  122  11:36  Siege Tank  
  122  11:39  Marine  
  113  11:47  Marine  
  113  11:48  Marine x2, Marauder  
  113  11:49  Marine  
  113  11:50  Marauder, Medivac x2  
  124  11:57  Marine x3  
  127  12:03  Liberator x2  
  127  12:05  Marine  
  127  12:06  Marine x2  
  127  12:08  Marauder  
  132  12:09  Marine, Barracks Reactor  
  132  12:11  Marine  
  132  12:13  Command Center  
  132  12:14  Marine  
  132  12:15  Marine  
  136  12:18  Widow Mine x2  
  146  12:28  Marine  
  139  12:31  Marine  
  139  12:34  Marine  
  139  12:35  Marine x5, Marauder  
  142  12:37  SCV  
  142  12:38  SCV x2  
  142  12:40  Widow Mine x2  
  149  12:46  Marine  
  149  12:47  Marine  
  149  12:49  Marine  
  149  12:50  SCV  
  148  12:52  Marine  
  148  12:53  Marine x2  
Tags
 
Add a new tag
Caveats
  • Supply blocks, unpowered buildings, or Contaminate may cause inaccurate times.
  • Supply counts are checked every 10 seconds.